 Dungeon Crawl Stone Soup version 0.22-a0-159-g7ce444f (webtiles) character file.

125835 wolfsongas the Bludgeoner (level 16, 0/131 HPs)
             Began as a Demonspawn Gladiator on Feb 9, 2018.
             Was the Champion of Nemelex Xobeh.
             Killed from afar by a naga mage (7 damage)
             ... with a bolt of poison
             ... on level 4 of the Snake Pit.
             The game lasted 01:37:32 (29170 turns).

wolfsongas the Bludgeoner (Demonspawn Gladiator)   Turns: 29170, Time: 01:37:33

Health: 0/131      AC: 36    Str: 19    XL:     16   Next: 42%
Magic:  16/16      EV:  7    Int:  8    God:    Nemelex Xobeh [******]
Gold:   1862       SH:  8    Dex: 16    Spells: 15/15 levels left

rFire    + . .     SeeInvis .   Q - +4 morningstar (flame)
rCold    + + +     Gourm    .   e - +0 buckler of Etaowehonk {rElec rPois rC++ Int-3}
rNeg     + . .     Faith    .   y - +4 plate armour
rPois    +         Spirit   .   A - +2 hat
rElec    +         Reflect  .   d - +0 cloak
rCorr    +         Harm     .   I - +3 pair of gauntlets of War {Slay+5}
MR       +....                  v - +2 pair of boots
Stlth    ..........             k - amulet of regeneration
HPRegen  0.71/turn              (no ring)
MPRegen  0.15/turn              q - ring of poison resistance

@: lethally poisoned (0 -> -3), resistant, very slightly contaminated
A: antennae 2, iridescent scales 3, demonic guardian 1, foul stench 2, negative
energy resistance 1, rot immunity
a: Triple Draw, Deal Four, Stack Five, Renounce Religion


You were on level 4 of the Snake Pit.
You worshipped Nemelex Xobeh.
Nemelex Xobeh was exalted by your worship.
You were not hungry.

You visited 6 branches of the dungeon, and saw 27 of its levels.
You visited the Abyss 1 time.
You also visited: Sewer.

You collected 2245 gold pieces.
You spent 383 gold pieces at shops.

Inventory:

Hand Weapons
 Q - a +4 morningstar of flaming (weapon)
Armour
 d - a +0 cloak (worn)
 e - the +0 buckler of Etaowehonk (worn) {rElec rPois rC++ Int-3}
   (You bought it in a shop on level 2 of the Orcish Mines)

   It affects your intelligence (-3).
   It greatly protects you from cold.
   It insulates you from electricity.
   It protects you from poison.
 n - the -5 hat of Prudence {rN++ MR+ Str+4}
   (You acquired it on level 2 of the Snake Pit)

   It affects your strength (+4).
   It greatly protects you from negative energy.
   It affects your resistance to hostile enchantments.
 v - a +2 pair of boots (worn)
 y - a +4 plate armour (worn)
 A - a +2 hat (worn)
 I - the +3 pair of gauntlets of War (worn) {Slay+5}
   (You found it on level 6 of the Lair of Beasts)

   It affects your accuracy and damage with ranged weapons and melee attacks
   (+5).
Jewellery
 k - an amulet of regeneration (around neck)
 q - a ring of poison resistance (right hand)
Wands
 u - a wand of paralysis (14)
Scrolls
 c - 5 scrolls of magic mapping
 h - 3 scrolls of identify
 j - 5 scrolls of remove curse
Potions
 a - 5 potions of flight
 l - 6 potions of curing
 s - a potion of agility
 B - 2 potions of lignification
 F - 2 potions of berserk rage
 R - a potion of magic
 S - a potion of brilliance
Miscellaneous
 i - a plain deck of summoning {drawn: 6}
 m - a legendary deck of escape {drawn: 7}
 o - an ornate deck of summoning
 p - an ornate deck of destruction {drawn: 1}
 r - a legendary deck of summoning {drawn: 5}
 w - an ornate deck of summoning {drawn: 3}
 x - a legendary deck of destruction {drawn: 2}
Comestibles
 f - 32 rations


   Skills:
 + Level 13.4 Fighting
 * Level 15.9 Maces & Flails
 - Level 1.7 Throwing
 - Level 10.2 Armour
 - Level 2.6 Dodging
 - Level 15.3 Shields


You had 15 spell levels left.
You didn't know any spells.

Dungeon Overview and Level Annotations

Branches:
Dungeon (13/15)            Temple (1/1) D:7            Lair (6/6) D:9
 Shoals (0/4) Lair:2        Snake (4/4) Lair:4        Slime (1/5) Lair:5
    Orc (2/2) D:10            Elf (0/3) Orc:2
 Vaults: D:13-14

Altars:
Ashenzari
Cheibriados
Dithmenos
Elyvilon
Fedhas
Gozag
Hepliaklqana
Kikubaaqudgha
Makhleb
Nemelex Xobeh
Okawaru
Qazlal
Ru
Sif Muna
Trog
Uskayaw
Vehumet
Wu Jian
Xom
Yredelemnul
Zin
The Shining One

Shops:
D:7 (%   D:11 !   D:13 =   Orc:2 *%:[   Snake:1 (   Snake:3 [   Snake:4 =

Portals:
Pandemonium: Orc:2

Annotations:
Snake:4 Bai Suzhen, Louise


Innate Abilities, Weirdness & Mutations

You have a pair of antennae on your head.
You are completely covered in iridescent scales. (AC +6)
A weak demonic guardian rushes to your aid.
You frequently emit foul miasma when damaged in melee.
You resist negative energy. (rN+)
You are immune to rotting.


Message History

You partially resist.
* * * LOW HITPOINT WARNING * * *
Your molten gargoyle sizzles in the rain.
Something hits your catoblepas but does no damage.
The naga sharpshooter spits poison at you.
The splash of poison hits you!
You are more poisoned.
You resist.
Your shadow imp hits the naga.
You hear a shout!
Lightning arcs down from a storm cloud! x2
You draw a card...
It is the Shaft.
Nothing appears to happen.
You feel sick. Something hits your air elemental.
The naga closely misses your shadow imp.
You block the naga's attack.
The naga hits your molten gargoyle with a hand axe of venom.
The naga grabs your shadow imp. The naga constricts your shadow imp.
The naga mage points at you and mumbles some strange words.
The bolt of poison hits you! You resist.
You die...
Your body disappears without a glow.

#N.. .%#.....#.
#... . .(...... .
#... ..#....... ..
#... #..§§§.{§##
... #... #
.§§.§{..#§.(. #...
...#§.Y.E§§§#...
#...
.....#§#59§.....
#...
......#@N#{.....
#...
....{.#.#N§§)..#
#...
..S...5§§SN)...#
#N..
)#.{)N.§§N)....#
#...
N).{§§§N§§N.(.#
####
....NNNNNN)..#.
...)..NNN..()# §§.#
N......N.))..##D..#
#......§§§§§##§...#


You could see 4 naga warriors, 2 nagarajas, 4 naga sharpshooters, a naga
ritualist, 4 naga magi, 2 nagas, a friendly catoblepas, a friendly air
elemental, a friendly molten gargoyle, a friendly iron imp and a friendly shadow
imp.

Vanquished Creatures
  3 nagarajas
  Josephine (Orc:2)
  5 naga warriors
  Harold (Lair:2)
  Fannar (D:10)
  6 hydras
  7 two-headed ogres
  2 catoblepae
  6 anacondas
  A queen ant (Lair:3)
  A tengu warrior (D:11)
  5 naga sharpshooters
  The ghost of GrunderHorse the Artisan of Death, a novice GnNe of Kikubaaqudgha (D:11)
  4 orc high priests (Orc:2)
  4 shock serpents
  A soul eater (Orc:2)
  4 salamander mystics
  An unseen horror (D:13)
  A glowing orange brain (Orc:2)
  A gelid demonspawn (Orc:2)
  A naga ritualist (Snake:3)
  An infernal demonspawn (Orc:2)
  5 orc knights (Orc:2)
  2 mana vipers
  4 orc sorcerers (Orc:2)
  6 salamanders
  2 cyclopes
  A manticore (D:8)
  10 elephants
  A torpor snail (Lair:2)
  3 guardian serpents
  Maurice (D:10)
  26 black mambas
  A merfolk siren (Lair:2)
  Psyche (D:11)
  4 rust devils (Orc:2)
  11 naga magi
  7 spiny frogs
  An eye of devastation (Orc:2)
  2 centaur skeletons
  6 komodo dragons
  2 yaktaurs
  6 kobold demonologists
  2 rime drakes
  A red devil (Orc:2)
  4 trolls
  2 merfolk (Lair:2)
  The ghost of GuildmasterMusic the Covert, a novice SpAs of Dithmenos (D:10)
  3 polar bears
  A queen bee (Lair:3)
  4 hornets (Lair:6)
  Grinder (D:4)
  6 dream sheep
  9 slime creatures (D:12)
  8 hippogriffs
  13 spriggans (Lair:6)
  4 redbacks (D:12)
  A tarantella (D:12)
  3 fire bats (Orc:2)
  4 wraiths
  4 wyverns
  22 yaks
  Eustachio (D:4)
  2 hogs (Lair:3)
  A human (Lair:6)
  3 basilisks
  3 hungry ghosts
  16 nagas
  4 wargs
  Edmund (D:4)
  A large abomination (Abyss:3)
  14 porcupines
  Duvessa (D:6)
  13 water moccasins
  12 soldier ants
  A swamp drake (D:10)
  25 orc warriors
  6 sky beasts
  3 black bears
  2 ice beasts
  12 wolves
  An eye of draining (Lair:6)
  12 ogres
  A necrophage (D:12)
  21 centaurs
  9 crocodiles
  4 big kobolds
  12 bullfrogs
  2 gnoll sergeants
  5 scorpions
  A wyvern skeleton (D:6)
  Dowan (D:6)
  41 killer bees
  6 wights
  4 crimson imps
  The ghost of blooo the Slasher, a weakling TeGl (D:3)
  A bullfrog zombie (D:12)
  A centaur zombie (D:7)
  11 jellies
  30 orc priests
  10 hounds
  A bullfrog skeleton (D:10)
  An iguana (Lair:6)
  28 orc wizards
  6 hell rats (Lair:5)
  A killer bee zombie (D:5)
  29 worker ants
  A hound zombie (D:11)
  A hound skeleton (D:7)
  2 worker ant zombies
  Robin (D:3)
  13 adders
  8 gnolls
  3 river rats
  3 shadow imps
  A white imp (Abyss:3)
  An ooze (Lair:6)
  3 adder skeletons
  9 worms
  4 dart slugs
  12 leopard geckos
  89 orcs
  9 bats
  2 giant cockroaches
  17 goblins
  10 hobgoblins
  4 jackals (D:11)
  30 kobolds
  4 quokkas
  7 ball pythons
  9 frilled lizards
  A leopard gecko skeleton (D:6)
  A leopard gecko zombie (D:6)
  A quokka skeleton (D:6)
  36 rats
  A fungus (Lair:5)
  2 plants
899 creatures vanquished.

Vanquished Creatures (collateral kills)
  2 nagarajas (Snake:4)
  A naga warrior (Snake:2)
  2 hydras
  A two-headed ogre (D:10)
  A death yak (Lair:5)
  Urug (Lair:5)
  A shock serpent (Snake:1)
  An orc high priest (Orc:2)
  Sonja (D:10)
  A naga ritualist (Snake:4)
  An ugly thing (D:11)
  6 salamanders
  An orc sorcerer (Orc:2)
  A merfolk siren (Lair:2)
  An elephant (Lair:5)
  A centaur zombie (D:11)
  5 black mambas
  2 centaur skeletons (D:11)
  10 naga magi
  A spiny frog (Lair:4)
  A rime drake (Lair:5)
  A komodo dragon (Lair:2)
  A red devil (Orc:2)
  2 trolls
  3 slime creatures (D:12)
  A hippogriff (Lair:3)
  3 dream sheep
  2 yaks (Lair:3)
  A basilisk (Lair:5)
  A golden eye (Lair:6)
  A hungry ghost (D:11)
  Menkaure (D:4)
  A warg (Orc:2)
  An acid dragon (Lair:6)
  4 nagas
  A porcupine (Lair:5)
  7 orc warriors
  2 black bears
  A wolf (Lair:1)
  A boggart (Lair:6)
  An ogre (D:8)
  2 centaurs
  2 big kobolds
  3 bullfrogs
  A wyvern zombie (D:11)
  A scorpion (Lair:6)
  4 killer bees
  2 wights (D:9)
  A bullfrog zombie (D:11)
  4 jellies
  2 orc priests (Orc:2)
  An iguana (D:11)
  A worker ant (D:10)
  A gnoll (D:7)
  2 adders
  An ooze (Lair:5)
  18 orcs
  A ball python (Sewer)
  4 goblins (D:3)
  A jackal (D:11)
  4 kobolds (D:12)
  A frilled lizard (Sewer)
  A jackal zombie (D:5)
  A fungus (Lair:4)
  A plant (Lair:5)
138 creatures vanquished.

Vanquished Creatures (others)
  A nagaraja (Snake:4)
  A naga warrior (Snake:4)
  A naga sharpshooter (Snake:4)
  An unseen horror (D:10)
  2 naga magi (Snake:4)
  A guardian serpent (Snake:4)
  3 nagas (Snake:4)
  A sky beast (D:7)
  3 orc warriors (Orc:2)
  A boggart (Lair:6)
  2 ball lightnings
  15 fungi
  36 plants
  5 starspawn tentacles (Abyss:3)
73 creatures vanquished.

Grand Total: 1110 creatures vanquished

Notes
Turn   | Place    | Note
-------+----------+-------------------------------------------
     0 | D:1      | wolfsongas the Demonspawn Gladiator began the quest for the Orb.
     0 | D:1      | Reached XP level 1. HP: 16/16 MP: 1/1
    91 | D:1      | Gained mutation: You are partially covered in iridescent scales. (AC +2) [demonic ancestry]
    91 | D:1      | Reached XP level 2. HP: 22/22 MP: 2/2
   132 | D:1      | You fall through a shaft!
   605 | D:2      | Gained mutation: You have a pair of small antennae on your head. [demonic ancestry]
   605 | D:2      | Reached XP level 3. HP: 23/27 MP: 3/3
  1013 | D:2      | Gained mutation: You are mostly covered in iridescent scales. (AC +4) [demonic ancestry]
  1013 | D:2      | Reached XP level 4. HP: 18/33 MP: 4/4
  1359 | D:3      | Noticed blooo's ghost (weakling TeGl)
  1371 | D:3      | Killed blooo's ghost
  1371 | D:3      | Reached skill level 5 in Maces & Flails
  1574 | D:3      | Noticed Robin
  1590 | D:3      | Killed Robin
  1590 | D:3      | Gained mutation: A weak demonic guardian rushes to your aid. [demonic ancestry]
  1590 | D:3      | Reached XP level 5. HP: 38/38 MP: 5/5
  1819 | D:3      | Found a glowing drain.
  1842 | Sewer    | Entered a sewer
  2167 | Sewer    | Gained mutation: You are completely covered in iridescent scales. (AC +6) [demonic ancestry]
  2167 | Sewer    | Reached XP level 6. HP: 41/44 MP: 6/6
  4161 | D:4      | Reached skill level 1 in Armour
  4161 | D:4      | Reached XP level 7. HP: 51/51 MP: 7/7
  4209 | D:4      | Noticed Menkaure
  4221 | D:4      | Killed Menkaure
  4485 | D:4      | Noticed Eustachio
  4495 | D:4      | Killed Eustachio
  4659 | D:4      | Noticed Grinder
  4681 | D:4      | Killed Grinder
  4681 | D:4      | Reached XP level 8. HP: 31/60 MP: 8/8
  4849 | D:4      | Noticed Edmund
  4861 | D:4      | Killed Edmund
  5199 | D:5      | Entered Level 5 of the Dungeon
  6193 | D:6      | Reached skill level 5 in Fighting
  6277 | D:6      | Noticed Dowan
  6281 | D:6      | Noticed Duvessa
  6293 | D:6      | Killed Dowan
  6304 | D:6      | Killed Duvessa
  6304 | D:6      | Gained mutation: You have a pair of antennae on your head. [demonic ancestry]
  6304 | D:6      | Reached XP level 9. HP: 39/68 MP: 9/9
  6603 | D:6      | Found a blossoming altar of Fedhas.
  7064 | D:7      | Found a staircase to the Ecumenical Temple.
  7067 | D:7      | Reached skill level 5 in Armour
  7083 | Temple   | Entered the Ecumenical Temple
  7159 | Temple   | Became a worshipper of Nemelex Xobeh the Trickster
  7226 | D:7      | Reached skill level 10 in Maces & Flails
  7432 | D:7      | Received a gift from Nemelex Xobeh
  7890 | D:7      | Found Waheck's Food Shop.
  8128 | D:7      | Reached * piety under Nemelex Xobeh
  8276 | D:7      | Found Vonejoil's Antique Weapon Emporium.
  8386 | D:8      | Noticed a two-headed ogre
  8399 | D:8      | Killed a two-headed ogre
  8399 | D:8      | Reached skill level 1 in Shields
  8399 | D:8      | Reached XP level 10. HP: 37/77 MP: 10/10
  8665 | D:8      | Received a gift from Nemelex Xobeh
  8668 | D:8      | Noticed a two-headed ogre
  8682 | D:8      | Killed a two-headed ogre
  8977 | D:8      | Found a stormy altar of Qazlal.
  9023 | D:8      | Noticed a manticore
  9034 | D:8      | Killed a manticore
  9325 | D:9      | Reached ** piety under Nemelex Xobeh
  9334 | D:9      | Found a staircase to the Lair.
  9638 | D:9      | Found a shattered altar of Ashenzari.
 10129 | D:9      | Found a white marble altar of Elyvilon.
 10129 | D:9      | Found an opulent altar of Gozag.
 10274 | D:10     | Entered Level 10 of the Dungeon
 10290 | D:10     | Received a gift from Nemelex Xobeh
 10347 | D:10     | Noticed Sonja
 10358 | D:10     | Killed Sonja
 10358 | D:10     | Reached XP level 11. HP: 65/87 MP: 11/11
 10420 | D:10     | Noticed a two-headed ogre
 10432 | D:10     | Killed a two-headed ogre
 10466 | D:10     | Found a staircase to the Orcish Mines.
 10529 | D:10     | Noticed Fannar
 10554 | D:10     | Killed Fannar
 11053 | D:10     | Noticed GuildmasterMusic's ghost (novice SpAs)
 11099 | D:10     | Killed GuildmasterMusic's ghost
 11204 | D:10     | Noticed Maurice
 11215 | D:10     | Killed Maurice
 11241 | D:10     | Killed an unseen horror
 11774 | D:11     | Received a gift from Nemelex Xobeh
 11911 | D:11     | Noticed a sixfirhy
 11916 | D:11     | Noticed a sixfirhy
 11925 | D:11     | Noticed a soul eater
 11932 | D:11     | Noticed a soul eater
 11941 | D:11     | Noticed Psyche
 11948 | D:11     | Killed Psyche
 11948 | D:11     | Reached skill level 10 in Fighting
 12281 | D:11     | Reached *** piety under Nemelex Xobeh
 12320 | D:11     | Noticed a two-headed ogre
 12330 | D:11     | Killed a two-headed ogre
 12349 | D:11     | Noticed a tengu warrior
 12360 | D:11     | Killed a tengu warrior
 12360 | D:11     | Gained mutation: You are immune to rotting. [demonic ancestry]
 12360 | D:11     | Reached XP level 12. HP: 79/97 MP: 12/12
 12516 | D:11     | Noticed a two-headed ogre
 12525 | D:11     | Killed a two-headed ogre
 12612 | D:11     | Noticed a five-headed hydra
 12633 | D:11     | Killed a five-headed hydra
 12633 | D:11     | Reached skill level 5 in Shields
 12797 | D:11     | Found Aratier's Distillery.
 12801 | D:11     | Noticed a two-headed ogre
 12826 | D:11     | Killed a two-headed ogre
 13087 | D:11     | Noticed GrunderHorse's ghost (novice GnNe)
 13125 | D:11     | Killed GrunderHorse's ghost
 13336 | Lair:1   | Entered Level 1 of the Lair of Beasts
 13469 | Lair:1   | Received a gift from Nemelex Xobeh
 13853 | Lair:1   | Noticed a four-headed hydra
 13865 | Lair:1   | Killed a four-headed hydra
 13951 | Lair:1   | Received a gift from Nemelex Xobeh
 14083 | Lair:2   | Found a staircase to the Shoals.
 14126 | Lair:2   | Reached **** piety under Nemelex Xobeh
 14138 | Lair:2   | Noticed Harold
 14154 | Lair:2   | Killed Harold
 14569 | Lair:2   | Received a gift from Nemelex Xobeh
 15074 | Lair:3   | Received a gift from Nemelex Xobeh
 15191 | Lair:3   | Gained mutation: You may emit foul miasma when damaged in melee. [demonic ancestry]
 15191 | Lair:3   | Reached XP level 13. HP: 63/106 MP: 13/13
 15433 | Lair:3   | Reached skill level 10 in Shields
 16328 | Lair:4   | Received a gift from Nemelex Xobeh
 16345 | Lair:4   | Got a polished dagger
 16358 | Lair:4   | Found a staircase to the Snake Pit.
 16469 | Lair:4   | Identified the cursed +0 dagger "Kadoxo" {freeze, rC++ MR+ Str+3 Dex-2} (You found it on level 4 of the Lair of Beasts)
 17084 | Lair:4   | Reached ***** piety under Nemelex Xobeh
 17318 | Lair:5   | Received a gift from Nemelex Xobeh
 17335 | Lair:5   | Found a staircase to the Slime Pits.
 17507 | Lair:5   | Noticed Urug
 17522 | Lair:5   | Killed Urug
 17716 | Lair:5   | Received a gift from Nemelex Xobeh
 18092 | Lair:6   | Entered Level 6 of the Lair of Beasts
 18300 | Lair:6   | Reached XP level 14. HP: 84/113 MP: 14/14
 18685 | Lair:6   | Got a transparent pewter ring
 18692 | Lair:6   | Identified the ring "Nurricif" {Ice +Blink rElec Int-2 Stlth+} (You found it on level 6 of the Lair of Beasts)
 19105 | Lair:6   | Received a gift from Nemelex Xobeh
 19788 | Lair:6   | Found the +3 pair of gauntlets of War {Slay+5}
 20710 | D:12     | Reached skill level 15 in Shields
 20735 | D:12     | Received a gift from Nemelex Xobeh
 21146 | D:12     | Received a gift from Nemelex Xobeh
 21306 | D:13     | Found Zuikogo's Jewellery Emporium.
 21980 | Orc:1    | Entered Level 1 of the Orcish Mines
 22032 | Orc:1    | Received a gift from Nemelex Xobeh
 22155 | Orc:2    | Entered Level 2 of the Orcish Mines
 22177 | Orc:2    | Found a staircase to the Elven Halls.
 22415 | Orc:2    | Found Huawekor's General Store.
 22417 | Orc:2    | Found Utamaoj's Food Shop.
 22579 | Orc:2    | Gained mutation: You frequently emit foul miasma when damaged in melee. [demonic ancestry]
 22579 | Orc:2    | Reached XP level 15. HP: 106/119 MP: 15/15
 22672 | Orc:2    | Bought a potion of heal wounds for 60 gold pieces
 22768 | Orc:2    | Reached ****** piety under Nemelex Xobeh
 22798 | Orc:2    | Noticed Josephine
 22814 | Orc:2    | Killed Josephine
 22815 | Orc:2    | Paralysed by an orc sorcerer for 3 turns
 23033 | Orc:2    | Found Jyumyqadgh's Antique Armour Shoppe.
 23033 | Orc:2    | Found Vaeclov's Book Emporium.
 23038 | Orc:2    | Found a one-way gate leading to the halls of Pandemonium.
 23083 | Orc:2    | Bought a twisted buckler for 323 gold pieces
 23083 | Orc:2    | Identified the cursed +0 buckler of Etaowehonk {rElec rPois rC++ Int-3} (You bought it in a shop on level 2 of the Orcish Mines)
 23287 | Orc:2    | Received a gift from Nemelex Xobeh
 23814 | Orc:1    | Received a gift from Nemelex Xobeh
 24063 | Snake:1  | Entered Level 1 of the Snake Pit
 24569 | Snake:1  | Found Ipuups's Antique Weapon Shop.
 24749 | Snake:1  | Received a gift from Nemelex Xobeh
 25279 | Snake:2  | Received a gift from Nemelex Xobeh
 25304 | Snake:2  | Reached skill level 10 in Armour
 25488 | Snake:2  | Identified a scroll of acquirement
 25492 | Snake:2  | Got an encrusted hat
 25493 | Snake:2  | Identified the -5 hat of Prudence {rN++ MR+ Str+4} (You acquired it on level 2 of the Snake Pit)
 25977 | Snake:2  | Found a deep blue altar of Sif Muna.
 25997 | Snake:2  | Identified the +10 falchion "Ehatuerr" {slice, rN++ MR+} (You found it on level 2 of the Snake Pit)
 26117 | Snake:2  | Received a gift from Nemelex Xobeh
 26262 | Slime:1  | Entered Level 1 of the Pits of Slime
 26818 | Snake:3  | Received a gift from Nemelex Xobeh
 27134 | Snake:3  | Found a blossoming altar of Fedhas.
 27156 | Snake:3  | Noticed a nagaraja
 27485 | Snake:3  | Received a gift from Nemelex Xobeh
 27487 | Snake:3  | Noticed a nagaraja
 27522 | Snake:3  | Reached skill level 15 in Maces & Flails
 27543 | Snake:3  | Gained mutation: You resist negative energy. (rN+) [demonic ancestry]
 27543 | Snake:3  | Reached XP level 16. HP: 21/129 MP: 16/16
 28149 | Snake:3  | Found Zoniy's Antique Armour Boutique.
 28894 | Snake:4  | Entered Level 4 of the Snake Pit
 28894 | Snake:4  | Found Furamuiv's Jewellery Shop.
 28905 | Snake:4  | Noticed Louise
 28908 | Snake:4  | Cast into level 3 of the Abyss (Louise)
 28908 | Abyss:3  | Found a corrupted altar of Lugonu.
 28943 | Abyss:3  | Noticed a tentacled starspawn
 28999 | Abyss:3  | Received a gift from Nemelex Xobeh
 29007 | Abyss:3  | Noticed a tentacled starspawn
 29107 | Snake:4  | Escaped the Abyss
 29119 | Snake:4  | Noticed Bai Suzhen
 29170 | Snake:4  | Killed from afar by a naga mage

Vault maps used:
D:1:      lightli_iron_boxes
D:3:      first_ration, cheibrodos_sewer_entry_sluice, uniq_robin
D:4:      minmay_misc_feat_roman, kennysheep_generic_room_9, uniq_grinder,
          uniq_menkaure, uniq_edmund, uniq_eustachio
D:5:      kennysheep_windowed_halls, serial_bayou_lagoon_b
D:6:      fedhas_bush_and_centaur_altar, uniq_duvessa
D:7:      temple_green, serial_shops, nicolae_shop_stone, shop
D:8:      kennysheep_mini
D:9:      evilmike_ruin_ashenzari, gammafunk_temple_overflow_wave,
          lair_entry_dummy, serial_glass, glass_columns_b, glass_columns_c
D:10:     erik_orc_1, uniq_maurice, uniq_fannar, uniq_sonja
D:11:     serial_shops, nicolae_shop_competitors_out_of_business,
          grunt_tengu_nest, minmay_joined_circles, uniq_psyche
D:12:     minmay_misc_feat_plants, minmay_misc_feat_cross, bh_walls_and_bars
D:13:     serial_shops, nicolae_shop_temple_entry_statues_fountains
Temple:   nicolae_temple_no_exploring_needed
Lair:1:   beast_lair_carwin_large_1, minivault_25, serial_bayou_shore_b,
          lemuel_fruit_fields
Lair:2:   elwin_shoals_entry_stream, uniq_harold
Lair:3:   special_room, minmay_another_anthill
Lair:4:   dummy_snake_entry
Lair:5:   minmay_slime_entry_jelly_boxes, nicolae_lair_yak_garden,
          infiniplex_staircase_pool, uniq_urug
Lair:6:   minmay_lair_end_enchanted_forest
Snake:1:  serial_shops, shop, st_stairs_11, nicolae_large_snake_swirl
Snake:2:  basic_altar
Snake:3:  basic_altar, serial_shops, nicolae_shop_statue_plus,
          nicolae_snake_shapes
Snake:4:  snake_pit, serial_shops, shop, serial_bayou_shore_b, uniq_bai_suzhen,
          uniq_louise
Orc:2:    pf_orc_diabolical, nicolae_volcano_entry_batcave, uniq_josephine
Abyss:3:  evilmike_nicolae_abyss_rune_containment_curve
Sewer:    sewer_minmay_treatment

Skill      XL: |  1  2  3  4  5  6  7  8  9 10 11 12 13 14 15 16 |
---------------+-------------------------------------------------+-----
Maces & Flails | 3 4 5 6 7 8 9 10 12 13 15 | 15.9
Armour         | 1 2 4 5 6 7 8 9 10 | 10.2
Fighting       | 3 5 6 8 10 11 12 13 | 13.4
Shields        | 1 4 9 13 15 | 15.3
Throwing       | |  1.7
Dodging        | |  2.6

Action                   |  1- 3 |  4- 6 |  7- 9 | 10-12 | 13-15 | 16-18 || total
-------------------------+-------+-------+-------+-------+-------+-------++-------
Melee: Flail             |   106 |   261 |       |       |       |       ||   367
       Whip              |       |    94 |   525 |   976 |  1562 |       ||  3157
       Morningstar       |       |       |       |       |   689 |   110 ||   799
Evoke: Deck              |       |       |       |    22 |    53 |    21 ||    96
  Use: Scroll            |     1 |     8 |    11 |    12 |    30 |    10 ||    72
       Potion            |       |     7 |     6 |     8 |    11 |     9 ||    41
 Stab: Distracted        |       |     2 |     3 |     8 |    16 |     1 ||    30
       Invisible         |       |       |       |     4 |       |       ||     4
  Eat: Chunk             |       |     4 |     8 |     6 |    11 |       ||    29
       Ration            |       |     3 |     3 |     6 |    10 |       ||    22
Armor: Leather armour    |    19 |    23 |       |       |       |       ||    42
       Skin              |       |   265 |       |       |       |       ||   265
       Chain mail        |       |   196 |   213 |    43 |       |       ||   452
       Ring mail         |       |       |       |   154 |       |       ||   154
       Plate armour      |       |       |       |   154 |  1106 |   122 ||  1382
Dodge: Dodged            |    85 |   251 |   206 |   234 |   501 |    29 ||  1306
Block: Shield            |       |       |       |   311 |  1020 |       ||  1331
       Buckler           |       |       |       |       |   146 |    50 ||   196

Table legend:
 A = Spawn XP
 B = Non-spawn XP
 C = Spawn XP percentage of total XP
 D = Spawn monster count
 E = Non-spawn monster count
 F = Spawn count percentage of total count
 G = Total turns spent on level
                    A         B        C        D         E        F      G
               +---------+---------+-------+---------+---------+-------+---------
         Total |       0 |  179765 |   0.0 |       0 |    1046 |   0.0 | 29170
               +---------+---------+-------+---------+---------+-------+---------
           D:1 |       0 |      35 |   0.0 |       0 |      18 |   0.0 |   484
           D:2 |       0 |      92 |   0.0 |       0 |      31 |   0.0 |  1181
           D:3 |       0 |     309 |   0.0 |       0 |      52 |   0.0 |  1434
           D:4 |       0 |    1050 |   0.0 |       0 |      22 |   0.0 |  1064
           D:5 |       0 |     839 |   0.0 |       0 |      34 |   0.0 |   975
           D:6 |       0 |    1337 |   0.0 |       0 |      36 |   0.0 |   801
           D:7 |       0 |    1573 |   0.0 |       0 |      52 |   0.0 |  1286
           D:8 |       0 |    4070 |   0.0 |       0 |      28 |   0.0 |   961
           D:9 |       0 |     814 |   0.0 |       0 |      25 |   0.0 |  1009
          D:10 |       0 |    6758 |   0.0 |       0 |      59 |   0.0 |  1547
          D:11 |       0 |    9940 |   0.0 |       0 |      52 |   0.0 |  1671
          D:12 |       0 |    8886 |   0.0 |       0 |      45 |   0.0 |   985
          D:13 |       0 |    4317 |   0.0 |       0 |      31 |   0.0 |   636
        Lair:1 |       0 |    2771 |   0.0 |       0 |      16 |   0.0 |   791
        Lair:2 |       0 |    4796 |   0.0 |       0 |      16 |   0.0 |   850
        Lair:3 |       0 |   11224 |   0.0 |       0 |      86 |   0.0 |  1423
        Lair:4 |       0 |    6008 |   0.0 |       0 |      21 |   0.0 |  1122
        Lair:5 |       0 |    9493 |   0.0 |       0 |      49 |   0.0 |   876
        Lair:6 |       0 |   19001 |   0.0 |       0 |      80 |   0.0 |  2024
       Snake:1 |       0 |   11177 |   0.0 |       0 |      22 |   0.0 |  1014
       Snake:2 |       0 |    8884 |   0.0 |       0 |      25 |   0.0 |  1359
       Snake:3 |       0 |   25646 |   0.0 |       0 |      43 |   0.0 |  2376
       Snake:4 |       0 |   16974 |   0.0 |       0 |      35 |   0.0 |    77
         Orc:1 |       0 |    1220 |   0.0 |       0 |      16 |   0.0 |   282
         Orc:2 |       0 |   22180 |   0.0 |       0 |     102 |   0.0 |  1617
       Abyss:3 |       0 |     167 |   0.0 |       0 |       2 |   0.0 |   199
         Sewer |       0 |     204 |   0.0 |       0 |      48 |   0.0 |  1036
               +---------+---------+-------+---------+---------+-------+---------
